 Dungeon Crawl Stone Soup version 0.26.1-2-gb8aa6d0cf2 (webtiles) character file.

Game seed: 12069719654486514745

457 Cykl0x the Shield-Bearer (level 6, -2/118 HPs)
             Began as a Minotaur Fighter on Mar 29, 2021.
             Was a Believer of Zin.
             Succumbed to Blork the orc's poison
             ... on level 4 of the Dungeon.
             The game lasted 00:05:20 (2779 turns).

Cykl0x the Shield-Bearer (Minotaur Fighter)         Turns: 2779, Time: 00:05:21

Health: -2/118     AC: 23    Str: 22    XL:     6   Next: 77%
Magic:  6/6        EV:  2    Int:  5    God:    Zin [**....]
Gold:   167        SH: 11    Dex: 10    Spells: 5/5 levels left

rFire    + . .     SeeInvis .   a - +0 long sword
rCold    + . .     Faith    .   c - +1 kite shield
rNeg     + + +     Spirit   .   (armour currently unavailable)
rPois    +         Reflect  .   (helmet currently unavailable)
rElec    +         Harm     .   (cloak currently unavailable)
rCorr    +         Rampage  .   (gloves currently unavailable)
Will     .....     NoTele   +   (boots currently unavailable)
Stlth    ..........             (no amulet)
HPRegen  0.29/turn              (no ring)
MPRegen  0.10/turn              (no ring)

@: berserking (expiring), lethally poisoned (-2 -> -26), tree-form, resistant,
slowed
A: (retaliatory headbutt)
a: Renounce Religion, Recite, Vitalisation, Donate Gold


You were on level 4 of the Dungeon.
You worshipped Zin.
Zin was pleased with you.
You were a tree.
You visited 1 branch of the dungeon, and saw 4 of its levels.

You collected 185 gold pieces.
You donated 18 gold pieces to Zin.

Inventory:

Hand Weapons
 a - a +0 long sword (weapon)
Missiles
 f - 143 stones (quivered)
Armour
 b - a +0 scale mail
 c - a +1 kite shield (worn)
 h - a +0 chain mail (melded)
Jewellery
 i - an uncursed ring of willpower
 n - a +6 ring of intelligence {unknown}
Scrolls
 g - a scroll of blinking
 j - 3 scrolls of remove curse
Potions
 d - a potion of might
 e - a potion of berserk rage
 k - a potion of brilliance
 l - a potion of mutation


   Skills:
 + Level 4.3 Fighting
 + Level 4.9 Long Blades
 + Level 1.1 Throwing
 + Level 4.6 Armour
 * Level 2.2 Dodging
 + Level 5.5 Shields
 * Level 2.2 Invocations


You had 5 spell levels left.
You didn't know any spells.
Your spell library was empty.

Dungeon Overview and Level Annotations

Branches:
Dungeon (4/15)
 Temple: D:4-7

Altars:
Zin

Annotations:
D:4 Blork the orc


Innate Abilities, Weirdness & Mutations

((You reflexively headbutt those who attack you in melee.))
((You have a pair of horns on your head.))


Message History

You are too berserk!
You are too berserk!
You are too berserk!
You cannot move.
* * * LOW HITPOINT WARNING * * *
You feel very sick.
Blork the orc grins evilly.
Blork the orc hits you but does no damage.
You cannot move.
You cannot move.
You cannot move.
You cannot move.
You cannot move.
You cannot move.
You cannot move.
You cannot move.
You cannot move.
Unknown command.
You feel a strong urge to attack something.
You die...

..#......# #........
.'......##### #........
#...#......####........
+...#...........[......
#..#...#................#.
#.....Z................##.
.....#.o))............##.
.......)[..............##.
#.....(..♣.###.........##.
#....#...#.# #.........##.
........##.# #.........##.
##......##.# #.........##.
#......##.# #.........##.
##.##..##.# #.........##.
#. #.. .# ############. .#
##


You could see Blork the orc (fast) and a leopard gecko skeleton.

Vanquished Creatures
  Menkaure (D:4)
  An ogre (D:4)
  2 orc wizards
  2 worker ants
  3 gnolls (D:3)
  4 adders
  4 dart slugs
  4 leopard geckos
  9 orcs
  8 giant cockroaches
  6 goblins
  3 hobgoblins
  3 jackals (D:3)
  8 bats
  7 frilled lizards
  5 kobolds
  5 rats
75 creatures vanquished.

Notes
Turn   | Place    | Note
-------+----------+-------------------------------------------
     0 | D:1      | Cykl0x the Minotaur Fighter began the quest for the Orb.
     0 | D:1      | Reached XP level 1. HP: 19/19 MP: 0/0
   156 | D:1      | Reached XP level 2. HP: 27/27 MP: 1/1
   513 | D:1      | Reached XP level 3. HP: 32/33 MP: 2/2
  1114 | D:2      | Found a glowing silver altar of Zin.
  1117 | D:2      | Became a worshipper of Zin the Law-Giver
  1192 | D:2      | Reached skill level 4 in Shields
  1199 | D:2      | Reached XP level 4. HP: 33/40 MP: 3/3
  1339 | D:2      | Reached * piety under Zin
  1734 | D:3      | Reached skill level 1 in Invocations
  1750 | D:3      | Reached skill level 1 in Dodging
  1868 | D:3      | Reached XP level 5. HP: 38/46 MP: 4/4
  2347 | D:3      | Reached ** piety under Zin
  2458 | D:4      | Noticed Menkaure
  2462 | D:4      | Killed Menkaure
  2463 | D:4      | Reached skill level 5 in Shields
  2463 | D:4      | Reached XP level 6. HP: 48/52 MP: 6/6
  2522 | D:4      | Reached skill level 1 in Throwing
  2761 | D:4      | Noticed Blork the orc
  2777 | D:4      | HP: 4/118 [poisoned by Blork the orc]
  2778 | D:4      | HP: 1/118 [poisoned by Blork the orc]
  2779 | D:4      | Succumbed to Blork the orc's poison

Illustrated notes

Levels and vault maps discovered:
D:1:      eino_arrival_druids_welcome, layout_basic
D:2:      layout_basic, zin_statuary
D:3:      layout_basic, minmay_cupped
D:4:      layout_basic, tgw_trog, uniq_blork_the_orc, uniq_menkaure

Skill      XL: |  1  2  3  4  5  6 |
---------------+-------------------+-----
Armour         | 4 |  4.6
Fighting       | 4 |  4.3
Long Blades    | 3 4 |  4.9
Shields        | 4 5 |  5.5
Invocations    | 1 2 |  2.2
Dodging        | 1 2 |  2.2
Throwing       | 1 |  1.1

Action                   |  1- 3 |  4- 6 || total
-------------------------+-------+-------++-------
Melee: Long sword        |    68 |   130 ||   198
       Headbutt          |     9 |    17 ||    26
Throw: Stone             |    25 |    32 ||    57
Invok: Recite            |       |     2 ||     2
  Use: Scroll            |     5 |     1 ||     6
       Potion            |       |     3 ||     3
Armor: Scale mail        |    34 |       ||    34
       Chain mail        |       |    77 ||    77
       Skin              |       |     6 ||     6
Dodge: Dodged            |    26 |    24 ||    50
Block: Kite shield       |    51 |   114 ||   165
       Rpst.: Long sword |     4 |     9 ||    13
